[Event "Czech Championship 2022"]
[Site "Usti nad Labem"]
[Date "2022.05.14"]
[Round "1.21"]
[White "Hrbek, Stepan"]
[Black "Paseka, Matyas"]
[Result "0-1"]
[ECO "E73"]
[WhiteElo "2303"]
[BlackElo "2076"]
[Annotator "TA"]
[PlyCount "83"]
[EventDate "2022.05.12"]
[EventType "swiss"]
[EventCountry "CZE"]
[SourceTitle "playchess.com"]
[Source "ChessBase"]
[SourceQuality "1"]
[TimeControl "40/5400+30:1800+30"]

1. d4 Nf6 2. c4 g6 3. Nc3 Bg7 4. e4 d6 5. Be2 O-O 6. Be3 e5 7. d5 a5 8. g4 Na6 {[%emt 0:02:06] E73: King's Indian: Averbakh Variation without 6...c5.} 9. g5 Nd7 {[%emt 0:00:43] 9...Nd7 is better than 9...Ne8.} 10. h4 $1 Ndc5 {[%emt 0:08:30] White is slightly better.} 11. h5 c6 12. Qd2 a4 (12... cxd5 $14 {is superior.} 13. cxd5 Bd7) 13. f3 Qa5 14. Nh3 ({Much weaker is} 14. h6 Bh8 $11) 14... Bd7 15. Nf2 {[%emt 0:02:07] [#]} Rfc8 $146 (15... a3 $142) ({Predecessor:} 15... Rfd8 16. hxg6 hxg6 17. Rc1 Nb4 18. Kf1 cxd5 19. cxd5 Rdc8 20. Kg2 Qd8 21. Kg3 Rc7 {1-0 (30) Hoffman,A (2547)-Hernandez Guerrero,G (2558) Buenos Aires 1999}) 16. Nd3 (16. Rc1 $16) 16... Nxd3+ $1 $14 17. Bxd3 Nb4 $1 {[%emt 0:00:55] [#] Strongly threatening ...cxd5.} 18. Kf2 (18. Be2 {is interesting.} cxd5 19. a3 Nc2+ 20. Qxc2 d4 21. O-O-O) 18... cxd5 (18... Nxd3+ $11 {remains equal.} 19. Qxd3 b5) 19. Nxd5 $16 Nxd5 20. cxd5 ({Of course not} 20. exd5 $6 Qxd2+ 21. Bxd2 b5 $11) 20... Qxd2+ 21. Bxd2 Bf8 22. Rh2 Rc7 23. Rah1 Be8 24. hxg6 fxg6 25. Ke2 Rac8 26. Be3 Rf7 27. Rg2 Be7 28. Bb6 {[%emt 0:00:13] [#]} (28. Rc1 $16 Rxc1 29. Bxc1) 28... Bb5 $1 $15 {[%emt 0:03:55] Hoping for ...Rc2+.} 29. Rd1 (29. Ke3 Bxd3) 29... Rc2+ $1 30. Rd2 Rxd2+ 31. Kxd2 Bxd3 32. Kxd3 Rxf3+ $17 {[%emt 0:00:06][%mdl 4096] Endgame KRB-KRB} 33. Be3 ({White should play} 33. Kc4) 33... Bd8 {[%emt 0:02:19] aiming for ...Bb6.} 34. Ke2 Rf7 ({Black should try} 34... Rh3 $17 35. Kf2 Ba5) 35. Kd3 Rf3 (35... Kg7 $11) 36. Ke2 Rh3 37. Rg4 $2 {[%emt 0:10:11][%mdl 8192] Loses the game.} (37. b4 $17) 37... Rh2+ $19 {[%emt 0:00:08] Black is clearly winning.} 38. Kf3 Rxb2 39. Rg1 Rxa2 {[%emt 0:05:11] ...Ra3 is the strong threat.} 40. Rb1 Ra3 {[%emt 0:00:07] And now ...Bxg5 would win.} 41. Ke2 Rb3 42. Rc1 {[%emt 0:00:04] Weighted Error Value: White=0.49/Black=0.16 (very precise)} 0-1

[Event "Czech Championship 2022"]
[Site "Usti nad Labem"]
[Date "2022.05.14"]
[Round "1.22"]
[White "Ocelak, Jakub"]
[Black "Gnojek, Petr"]
[Result "0-1"]
[ECO "A80"]
[WhiteElo "2060"]
[BlackElo "2302"]
[Annotator "TA"]
[PlyCount "145"]
[EventDate "2022.05.12"]
[EventType "swiss"]
[EventCountry "CZE"]
[SourceTitle "playchess.com"]
[Source "ChessBase"]
[SourceQuality "1"]
[TimeControl "40/5400+30:1800+30"]

1. d4 f5 2. Bg5 Nf6 3. Nc3 d5 4. e3 e6 5. g4 fxg4 6. h3 {[%emt 0:02:06] A80: Dutch Defence: Unusual White second moves.} g3 7. fxg3 Bd6 8. Bf4 {[%emt 0:11:30] [#] The position is equal.} c5 $146 ({Predecessor:} 8... g5 9. Be5 O-O 10. Nf3 Ne4 11. Bd3 Bxe5 12. Nxe5 Nxg3 13. Rg1 Qf6 14. Ng4 Qf3 15. Qxf3 Rxf3 16. Ne5 Rxe3+ 17. Kd2 {1-0 (17) Valuet,B (2303)-Lehnert,M (2064) Differdange 2007}) 9. Nge2 Nc6 10. Bg2 O-O 11. Qd2 Nh5 {[%emt 0:07:51] aiming for ...cxd4.} 12. Bxd6 Qxd6 13. dxc5 Qe5 14. O-O-O Rf2 (14... Nxg3 15. Nxg3 Qxg3 16. Rhf1 $14) 15. Rhg1 Nxg3 16. Rde1 (16. Bf1 $11 Nh5 17. e4) 16... Bd7 (16... b6 $5 17. Qd3 Nb4 $17) 17. Nd1 Rxe2 18. Rxe2 Nxe2+ 19. Qxe2 Rf8 20. Rf1 Rxf1 21. Qxf1 g5 22. Qb5 Qc7 23. Qb3 Ne5 (23... Be8 $17 24. e4 Qf4+ 25. Qe3 d4 26. Qxf4 gxf4) 24. Qc3 $11 Bc6 25. Qd4 Nd7 26. Qg4 {[%emt 0:02:01] Against Qg3} Qe5 (26... Nxc5 27. b4 (27. Qxg5+ Qg7 $11) 27... Ne4 28. Bxe4 (28. Qxe6+ Qf7 $11) 28... dxe4 29. Qxg5+ Qg7 30. Qc5 $14) 27. h4 h6 28. hxg5 hxg5 29. Bh3 Nxc5 30. Qd4 Qg3 (30... Nd7 $1 $15 31. Qxa7 Kf7) 31. Qxc5 Qxh3 32. Qxa7 {[%emt 0:00:52][%mdl 4096] Endgame KQB-KQN} Qf3 33. Qb8+ Kf7 34. Qc7+ Kg6 35. Qe5 Qf5 {[%emt 0:01:13] Active counter play!} (35... Qf6 $5 36. Qb8 e5 $15) 36. Qg3 Bb5 37. Nf2 Be2 38. Nh3 (38. Qh2 $15) 38... Qg4 $19 (38... Qf1+ 39. Kd2 Qd1+ 40. Kc3 $17) 39. Qh2 Bf1 ({Stronger than} 39... Qf3 40. Kd2 Bf1 41. Ng1 $17) 40. Ng1 Qh4 41. Qxh4 (41. Nf3 Qxh2 42. Nxh2) 41... gxh4 {[%emt 0:00:00][%cal Bg5h4,Bh4h3][%mdl 32] KB-KN} 42. Nf3 {[%emt 0:00:05] [#]} h3 43. Kd2 Bg2 44. Nh2 Kf5 45. Ke2 e5 (45... Ke4 $19 {is more deadly. Threatens to win with ...d4.} 46. c3 e5) 46. Kf2 $2 {[%emt 0:01:22][%mdl 8192] [#]} (46. c3 $17) 46... Ke4 $1 47. Ng4 d4 $2 (47... Bf3 $19 {has better winning chances.} 48. Nh2 Bd1) 48. exd4 $17 Kxd4 (48... exd4 $17 {Hoping for ...Kf4.} 49. Kg3 Bf1) 49. Kg3 (49. c3+ $15 Ke4 50. Kg3) 49... e4 $19 {[%emt 0:01:59] Strongly threatening ...e3.} 50. Kf2 {[%emt 0:00:19] Inhibits e3+.} Bf3 51. Nh2 Bd1 52. Kg3 e3 ({Not} 52... Bxc2 $2 53. Kxh3 e3 54. Nf3+ Kd3 55. Kg3 $19) 53. Kxh3 e2 54. Nf3+ Ke3 55. Kg3 Bxc2 56. Ne1 Be4 57. a4 Kd2 58. Kf2 b6 59. b3 Bd5 60. b4 Bc6 61. a5 b5 ({Weaker is} 61... bxa5 62. bxa5 Bb7 63. Nc2 $11) (61... Bb7 $142 62. axb6 Be4 63. b7 Bxb7 64. Nc2 Bd5 65. Ne1 Be4 66. b5 Bb7 67. Nc2 Bh1 68. Ne1 Bb7 69. Nc2 Be4 70. Ne1 Bb7) 62. a6 Be4 $2 (62... Bd5 {mates} 63. a7 Be4 64. Ng2 Bxg2 65. Kxg2 e1=Q 66. a8=Q Qe2+ 67. Kg3 Qc4 68. Qf8 Kc3 69. Qh6 Kxb4 70. Qg6 Ka4 71. Qg7 Kb3 72. Qg6 Kb2 73. Qd6 b4 74. Qd2+ Kb1 75. Qd1+ Qc1 76. Qb3+ Qb2 77. Qe6 b3 78. Qe4+ Qc2 79. Qh1+ Kb2 80. Qd5 Qc7+ 81. Kg2 Qf4 82. Kh1 Kc3 83. Qc5+ Qc4 84. Qe3+ Kb2 85. Qe5+ Kb1 86. Qf5+ Qc2 87. Qg4 b2 88. Kg1 Qd3 89. Qb4 Qd1+ 90. Kf2 Kc1 91. Qa3 Qd4+ 92. Kg3 Kd2 93. Qa2 Qd3+ 94. Kh4 Kc1 95. Qa7 Qe4+ 96. Kg5 b1=Q 97. Qg1+ Kc2 98. Qh2+ Kd3 99. Qd6+ Ke3 100. Qg3+ Kd4 101. Qd6+ Qd5+ 102. Qxd5+ Kxd5 103. Kf6 Qe4 104. Kf7 Qh4 105. Kg6 Ke6 106. Kg7 Qg5+ 107. Kf8 Qg4 108. Ke8 Qg8#) 63. a7 Kd1 64. Ng2 $2 (64. Ke3 Kxe1 65. Kxe4) 64... Bxg2 65. Kxg2 e1=Q 66. a8=Q {[%emt 0:00:11] Prevents Qe4+.} Qxb4 {[%emt 0:00:05] KQ-KQ} 67. Kf3 (67. Qf3+ {was the only defense.} Kc2 68. Qf5+ Kb2 69. Qf2+ Kb3 70. Qa7) 67... Qc4 {[%emt 0:02:28] White must now prevent ...b4.} 68. Ke3 b4 {[%emt 0:01:17] And now ...Qc3+ would win.} 69. Qd8+ $2 (69. Qf3+ Kc1 70. Qh1+ Kb2 71. Qh2+ Qc2 72. Qh5) 69... Kc1 70. Qd2+ Kb1 {[%emt 0:00:06] ( -> ...Qc1)} 71. Qh2 Qc3+ 72. Ke4 Qc2+ 73. Kd4 {[%emt 0:01:31] Weighted Error Value: White=0.70/Black=0.21 (precise)} 0-1

[Event "Czech Championship 2022"]
[Site "Usti nad Labem"]
[Date "2022.05.14"]
[Round "1.23"]
[White "Serrano Salvador, Eduardo"]
[Black "Bokhnak, Timofey"]
[Result "1-0"]
[ECO "D58"]
[WhiteElo "2286"]
[BlackElo "2060"]
[Annotator "TA"]
[PlyCount "81"]
[EventDate "2022.05.12"]
[EventType "swiss"]
[EventCountry "CZE"]
[SourceTitle "playchess.com"]
[Source "ChessBase"]
[SourceQuality "1"]
[TimeControl "40/5400+30:1800+30"]

1. d4 d5 2. c4 e6 3. Nf3 Nf6 4. Nc3 Be7 5. Bg5 h6 6. Bh4 O-O 7. e3 b6 8. Be2 Nbd7 9. Rc1 Bb7 10. cxd5 exd5 11. O-O Ne4 12. Bxe7 Qxe7 13. Qa4 {[%emt 0:05:16] D58: Queen's Gambit Declined: Tartakower Defence.} a6 {[%emt 0:16:35] Against Bb5} 14. b4 {[%emt 0:05:52] [#]} b5 $146 ({Predecessor:} 14... Rfc8 15. Qb3 Qe6 16. Nxe4 Qxe4 17. Bd3 Qe6 18. a4 Rab8 19. Qb1 g6 20. h4 Kg7 {1-0 (64) Boros,L (1912)-Horvath,K (1973) Hungary 2014}) 15. Qb3 {[%emt 0:03:15] White has an edge.} Nb6 16. Nxe4 dxe4 17. Ne5 {[%emt 0:02:01] Threatens to win with Ng6.} Bd5 18. Qb1 Qd6 19. f3 f5 20. f4 Nd7 21. Bd1 Nb6 22. Rc5 c6 23. Bb3 {[%emt 0:00:46] Black must now prevent Rxc6.} Rac8 24. Rfc1 {[%emt 0:00:32][%cal Bf1c1,Bc1c6,Bc6c7][%mdl 32] Hoping for Rxc6.} Kh7 25. Qc2 h5 $2 (25... Rc7 $16 {is a better defense.}) 26. Qd1 ({Don't play} 26. Nxc6 $6 Bxb3 27. Qxb3 (27. axb3 Nd7 $16) 27... Nd7 $18) 26... g6 27. Bxd5 Nxd5 28. Rxc6 (28. Qb3 $18) 28... Rxc6 $16 29. Rxc6 Nxe3 {[%emt 0:00:51] Strongly threatening ...Qxc6.} 30. Qa1 Qxb4 (30... Qd8 $16 {might work better.}) 31. Rc7+ $18 Kh6 $2 {[%emt 0:00:42] [#]} (31... Kg8 32. d5 Rf6) 32. d5 $1 {[%emt 0:00:09][%cal Oe5g4] Threatening mate with Ng4+!} h4 33. Nc6 Qd6 34. Qg7+ Kh5 35. Qh7+ Kg4 36. Ne5+ (36. Qh6 $142 Nxg2 {[#]} 37. Kxg2 $1 h3+ 38. Qxh3+ Kxf4 39. Qg3#) 36... Kxf4 {[%emt 0:00:21] White is clearly winning.} 37. Nxg6+ Kg5 38. Rg7 Kf6 39. Nxf8 {[%emt 0:00:15] White threatens Nd7+ and mate.} Qxf8 40. Qh6+ (40. Rg8 $142 Qxg8 41. Qxg8) 40... Ke5 {[%emt 0:00:06] [#]} 41. Qxe3 $1 {[%emt 0:30:15] Weighted Error Value: White=0.10 (very precise) /Black=0.65} 1-0

[Event "Czech Championship 2022"]
[Site "Usti nad Labem"]
[Date "2022.05.14"]
[Round "1.24"]
[White "Sura, Jaroslav"]
[Black "Smolik, Jachym"]
[Result "0-1"]
[ECO "B12"]
[WhiteElo "2010"]
[BlackElo "2272"]
[Annotator "TA"]
[PlyCount "46"]
[EventDate "2022.05.12"]
[EventType "swiss"]
[EventCountry "CZE"]
[SourceTitle "playchess.com"]
[Source "ChessBase"]
[SourceQuality "1"]
[TimeControl "40/5400+30:1800+30"]

1. e4 c6 2. d4 d5 3. f3 dxe4 4. fxe4 e5 5. Nf3 Bg4 6. Bc4 Nd7 7. O-O {[%emt 0:01:15][%cal Oc4f7] B12: Caro-Kann: Advance Variation.} (7. c3 $5 ) 7... Ngf6 8. Be3 Bd6 9. c3 {[%emt 0:01:11] Black has an edge.} O-O 10. Nbd2 Qc7 {[%emt 0:12:56] [#] White must now prevent ...exd4.} 11. Qb3 $146 {[%emt 0:06:01] [#]} (11. h3 $11 {keeps the balance.} Bh5 12. Bd3) ({Predecessor:} 11. h3 Bh5 12. Qc2 b5 13. Bd3 Rab8 14. a4 a6 15. axb5 axb5 16. dxe5 Nxe5 17. Ra7 {0-1 (36) Klepek,W (2201)-Goluch,P (2415) Krakow 2019}) 11... Rae8 (11... b5 $1 $17 12. Be2 Be6) 12. Rae1 Bh5 13. h3 ({White should try} 13. Bd3 $15) 13... exd4 $17 14. Bxd4 Bg3 {[%emt 0:05:53] Against e5} (14... h6 $17 15. Bd3 Bg3) 15. Re2 $2 {[%emt 0:09:25] [#]} (15. e5 $1 $15 Nxe5 16. Bxe5 Bxe5 17. Nxe5 Rxe5 18. Rxe5 Qxe5 19. Qxb7) 15... Bg6 (15... b5 $19 16. Bd3 c5) 16. Bd3 Nh5 {[%emt 0:03:15] And now ...Nf4 would win.} 17. Bb1 (17. Bf2 $17 {was the only chance.}) 17... Nf4 $19 18. Re3 (18. Ref2 $142) 18... c5 19. Qc4 Ne6 20. Qd3 cxd4 {[%emt 0:00:54] Black is clearly winning.} 21. Nxd4 Nxd4 22. cxd4 Bf4 23. Ree1 Nf6 {[%emt 0:01:08] Weighted Error Value: White=0.70/Black=0.29 (precise)} 0-1

[Event "Czech Championship 2022"]
[Site "Usti nad Labem"]
[Date "2022.05.17"]
[Round "4.1"]
[White "Zwardon, Vojtech"]
[Black "Hracek, Zbynek"]
[Result "1/2-1/2"]
[ECO "D27"]
[WhiteElo "2482"]
[BlackElo "2570"]
[Annotator "TA"]
[PlyCount "44"]
[EventDate "2022.05.12"]
[EventType "swiss"]
[EventCountry "CZE"]
[SourceTitle "playchess.com"]
[Source "ChessBase"]
[SourceQuality "1"]
[TimeControl "40/5400+30:1800+30"]

1. c4 e6 2. Nf3 d5 3. e3 Nf6 4. Nc3 c5 5. d4 dxc4 6. Bxc4 a6 7. a3 b5 8. Ba2 Bb7 9. O-O Nbd7 10. Qe2 {[%emt 0:01:00] The position is equal.} Bd6 {[%emt 0:00:40] D27: Queen's Gambit Accepted: Classical main line: 7 e4!? and 7 a4.} 11. Rd1 Qb8 12. h3 O-O 13. dxc5 Nxc5 14. b4 Ncd7 15. Bb2 Ne5 {[%emt 0:08:39] [#]} 16. Nd2 $146 ({Predecessor:} 16. Nxe5 Bxe5 17. Rac1 Rc8 18. Bb1 Bc6 19. f4 Bd6 20. g4 h6 21. g5 hxg5 22. fxg5 Bxb4 23. axb4 Qg3+ 24. Kf1 {0-1 (33) Vavrak,P (2487)-Erdos,V (2581) Rogaska Slatina 2009}) 16... Ng6 17. Nf3 {[%emt 0:01:02] Against Bh2+} Ne5 18. Nd2 Rd8 19. Bb1 $1 {[%emt 0:00:10] Inhibits Nd3.} Ng6 20. Nf3 {[%emt 0:05:59] Prevents Bh2+.} Ne5 21. Nd2 Ng6 22. Nf3 Ne5 {[%emt 0:18:14] A balanced but interesting game.  Weighted Error Value: White=0.01 (flawless) /Black=0.02 (flawless)} 1/2-1/2

[Event "Czech Championship 2022"]
[Site "Usti nad Labem"]
[Date "2022.05.17"]
[Round "4.2"]
[White "Plat, Vojtech"]
[Black "Stalmach, Richard"]
[Result "1/2-1/2"]
[ECO "E66"]
[WhiteElo "2547"]
[BlackElo "2350"]
[Annotator "TA"]
[PlyCount "89"]
[EventDate "2022.05.12"]
[EventType "swiss"]
[EventCountry "CZE"]
[SourceTitle "playchess.com"]
[Source "ChessBase"]
[SourceQuality "1"]
[TimeControl "40/5400+30:1800+30"]

1. d4 Nf6 2. c4 g6 3. g3 Bg7 4. Bg2 O-O 5. Nc3 d6 6. Nf3 c5 7. O-O Nc6 8. d5 Na5 9. Nd2 a6 10. Qc2 Rb8 11. b3 b5 12. Bb2 e5 13. e4 Nh5 14. Ne2 {[%emt 0:03:27] E66: King's Indian: Fianchetto: 6...c5 7 0-0 Nc6 8 d5.} Bh6 {[%emt 0:16:30] [#]} 15. f4 $146 ({Predecessor:} 15. Bc3 f5 16. exf5 Bxf5 17. Be4 b4 18. Bb2 Nb7 19. Bxf5 gxf5 20. Rae1 Qd7 21. f4 e4 {1-0 (30) Verlinden,D (2195)-Maes,W (2285) Ghent 2000}) 15... Bg4 16. Bf3 {[%emt 0:00:04] White is slightly better.} Bxf3 17. Nxf3 f6 18. fxe5 fxe5 19. Bc1 Bxc1 20. Raxc1 bxc4 21. bxc4 Rb4 22. Nd2 Rxf1+ 23. Rxf1 Rb7 24. Qc1 Kg7 25. Nf3 Rf7 26. Ng5 Rxf1+ 27. Kxf1 {[%emt 0:00:03] [#] Black must now prevent Ne6+.} Kg8 28. Kg2 Ng7 29. Nf3 Ne8 30. h4 Nf6 31. Ng5 Ng4 {[%emt 0:00:04] Hoping for ...Qf8.} 32. Kh3 Nf2+ 33. Kg2 Ng4 {[%emt 0:00:03] aiming for ...Qf8.} 34. Kh3 h5 {[%emt 0:01:10] Threatens to win with ...Qf8.} 35. Ng1 Qd7 {[%emt 0:01:10][%cal Oa5c4] And now ...Nxc4! would win.} 36. Qb1 {[%emt 0:07:08] [#]} (36. Qa3 $11 Ne3+ 37. Ne6 Nexc4 38. Qd3) 36... Ne3+ $1 $17 (36... Nxc4 $2 37. Qb8+ Kg7 38. Ne6+ Qxe6 39. dxe6 $18) 37. Ne6 {[%emt 0:00:05] Intending Qb8+ and mate.} Qb7 {[%emt 0:00:16] Inhibits Qb8+.} (37... Nexc4 {is a self mate.} 38. Qb8+ Kh7 39. Nf3 g5 40. Nfxg5+ Kg6 41. Qg8+ Kf6 42. Nh7+) 38. Qxb7 Nxb7 {[%emt 0:00:04][%mdl 4096] Endgame KNN-KNN} 39. Ne2 Nxc4 ({Black should try} 39... Kf7 $17 40. Nc3 Ke7) 40. g4 ({Better is} 40. Nc7 $11) 40... Nd2 ({Black should play} 40... Na3 $15) 41. Nc3 $11 {[%emt 0:30:40] The position is equal.} Nf3 42. gxh5 gxh5 43. Kg3 Nd4 44. Nc7 $1 a5 45. Na8 {[%emt 0:01:24] Weighted Error Value: White=0.14 (very precise) /Black=0.09 (flawless)} 1/2-1/2

[Event "Czech Championship 2022"]
[Site "Usti nad Labem"]
[Date "2022.05.17"]
[Round "4.3"]
[White "Babula, Vlastimil"]
[Black "Navara, David"]
[Result "1/2-1/2"]
[ECO "E59"]
[WhiteElo "2576"]
[BlackElo "2682"]
[Annotator "TA"]
[PlyCount "89"]
[EventDate "2022.05.12"]
[EventType "swiss"]
[EventCountry "CZE"]
[SourceTitle "playchess.com"]
[Source "ChessBase"]
[SourceQuality "1"]
[TimeControl "40/5400+30:1800+30"]

1. d4 Nf6 2. c4 e6 3. Nc3 Bb4 4. e3 O-O 5. Bd3 d5 6. Nf3 c5 7. O-O Nc6 8. a3 Bxc3 9. bxc3 Qc7 10. h3 dxc4 11. Bxc4 e5 12. Ba2 e4 {[%emt 0:14:23] E59: Nimzo-Indian: Rubinstein: Main Line: 7...Nc6 8 a3 Bxc3 9 bxc3 dxc4.} 13. Nd2 Bf5 14. a4 b6 15. Ba3 Rfe8 16. Qe2 Rad8 17. Rab1 Be6 {[%emt 0:26:46] [#]} (17... Nd5 $11 18. Rfc1 Na5) 18. Bxe6 $146 ({Predecessor:} 18. Bc4 Na5 19. Bb5 Re7 20. dxc5 bxc5 21. Rfd1 Rb8 22. Qf1 Rb6 23. Be2 {½-½ (23) Graham,S (2217)-Walczak,P (2189) ICCF email 2007}) 18... Rxe6 19. Nc4 ({White should play} 19. dxc5 $14 h6 20. cxb6 axb6 21. Nc4) 19... Nd5 $11 20. Rfc1 cxd4 (20... f5 $5 ) 21. cxd4 Qd7 22. Qc2 f5 23. Rb5 f4 {[%emt 0:05:27] [#]} (23... h6 $14) 24. Bd6 $1 $16 Rc8 {[%emt 0:06:35] Threatens to win with ...Na5.} (24... Nce7 25. Bxe7) 25. Qa2 $1 ({Don't play} 25. Rxd5 $6 Nb4 $1 26. Bxb4 Qxd5 $11) ({But not} 25. exf4 $2 Nxd4 26. Qd1 Nxb5 $19) 25... f3 (25... fxe3 $16 {was necessary.} 26. fxe3 (26. Rxd5 $2 Nb4 $17) 26... Nce7 27. Bxe7 Rxe7) 26. Rxd5 $18 {[%emt 0:06:07] aiming for Ne5.} Nb4 {[%emt 0:00:07] [#]} 27. Bxb4 Qxd5 {[%emt 0:00:04] [#]} 28. Rc2 $1 Rg6 $2 (28... Rcc6 $18 29. Kh2 Rg6) 29. g4 $2 (29. Ne5 {mates} Rxg2+ 30. Kh1 Rg1+ 31. Kxg1 Rc4 32. Rxc4 g5 33. Rc8+ Kg7 34. Qxd5 Kh6 35. Bf8+ Kh5 36. Qxe4 h6 37. Qg4#) 29... Rgc6 {[%emt 0:00:52][%cal Rc6c4] [#]} 30. Nd6 Qxa2 31. Rxa2 {[%emt 0:00:03] The board is on fire.} Rc2 32. Nxc8 (32. Ra1 $18 {has better winning chances.}) 32... Rxa2 $16 33. Nxa7 Ra1+ (33... Rxa4 $14 34. Nc6 Ra1+ 35. Kh2 Rf1) 34. Kh2 $18 Rf1 35. Nc6 ({Better is} 35. Nc8 $16) 35... Rxf2+ $11 {[%emt 0:00:18][%cal Bf1f2,Bf2a2,Ba2a1][%mdl 32] The position is equal.} 36. Kg1 Ra2 37. d5 Ra1+ 38. Kf2 {[%emt 0:00:06] Black must now prevent d6.} Ra2+ 39. Kf1 {[%emt 0:00:30] And now d6 would win.} Ra1+ 40. Kf2 Ra2+ 41. Kf1 {[%emt 0:01:36] Strongly threatening d6.} Rxa4 42. d6 Ra1+ 43. Kf2 Ra2+ 44. Kf1 Ra1+ 45. Kf2 {[%emt 0:00:31] White really could win this.  Weighted Error Value: White=0.30/Black=0.43} 1/2-1/2

[Event "Czech Championship 2022"]
[Site "Usti nad Labem"]
[Date "2022.05.17"]
[Round "4.4"]
[White "Cernousek, Lukas"]
[Black "Finek, Vaclav"]
[Result "0-1"]
[ECO "B38"]
[WhiteElo "2440"]
[BlackElo "2410"]
[Annotator "TA"]
[PlyCount "58"]
[EventDate "2022.05.12"]
[EventType "swiss"]
[EventCountry "CZE"]
[SourceTitle "playchess.com"]
[Source "ChessBase"]
[SourceQuality "1"]
[TimeControl "40/5400+30:1800+30"]

1. e4 c5 2. Nf3 g6 3. d4 cxd4 4. Nxd4 Bg7 5. c4 Nc6 6. Be3 Nf6 7. Nc3 O-O 8. Be2 d6 9. O-O Bd7 10. h3 Nxd4 11. Bxd4 Bc6 12. Qc2 {[%emt 0:00:12] B38: Sicilian: Maroczy Bind with 5...Bg7 and 7...0-0.} a5 13. Rad1 Qc7 14. b3 {[%emt 0:32:03] White is slightly better.} b5 (14... Nd7 $14) 15. cxb5 $16 Bxe4 {[%emt 0:00:38] [#]} 16. Qb2 $146 ({Predecessor:} 16. Bd3 Bb7 17. Bxf6 Bxf6 18. Nd5 Qxc2 19. Nxf6+ Kg7 20. Nh5+ gxh5 21. Bxc2 Rfc8 22. Bd3 {½-½ (47) Leitao,R (2616)-Escalante Ramirez,B (2447) Sao Paulo 2019}) 16... Bb7 17. Rc1 Qb8 18. f4 e5 (18... Rc8 $14) 19. Be3 $2 (19. fxe5 $18 dxe5 20. Bc5) 19... d5 $11 {[%emt 0:05:40][%cal Bd6d5,Bd5d4][%mdl 32] And now ...d4 would win.} 20. fxe5 (20. Na4 $11) 20... Qxe5 $17 21. Qd2 {[%emt 0:00:40] [#]} Rfe8 ({Better is} 21... Nh5 $1 $17 {Strongly threatening ...d4.} 22. Bxh5 d4) 22. Bf4 Qe6 {[%emt 0:00:32][%cal Od5d4] White must now prevent ...d4!} 23. Bf3 Qb6+ 24. Qf2 $1 d4 $1 25. Na4 (25. Bxb7 Qxb7 26. Bg5 (26. Qxd4 $2 Ne4 $19) 26... Nh5 $17) 25... Qxb5 26. Bxb7 ({Much weaker is} 26. Qxd4 Nh5 27. Qc4 Qxc4 28. Rxc4 Bxf3 29. Rxf3 Nxf4 30. Rfxf4 Rad8 $17) (26. Rc5 $1 $11 {remains equal.} Qa6 27. Bg5 (27. Qxd4 $2 Ne4 $19)) 26... Qxb7 27. Qxd4 (27. Rc7 $17 Qb5 28. Bh6 Bxh6 29. Qxf6) 27... Re2 $19 28. Rf2 {[%emt 0:00:03] [#]} (28. Rf3 {was the only chance.}) 28... Nh5 $1 29. Qc4 ({Wrong is} 29. Qb6 $2 Qxb6 30. Nxb6 Bd4 31. Nxa8 Bxf2+ 32. Kh2 Nxf4 $19) 29... Re4 {[%emt 0:01:22] Weighted Error Value: White=0.37/Black=0.17 (very precise)} 0-1

[Event "Czech Championship 2022"]
[Site "Usti nad Labem"]
[Date "2022.05.17"]
[Round "4.5"]
[White "Serrano Salvador, Eduardo"]
[Black "Stocek, Jiri"]
[Result "0-1"]
[ECO "E12"]
[WhiteElo "2286"]
[BlackElo "2533"]
[Annotator "TA"]
[PlyCount "70"]
[EventDate "2022.05.12"]
[EventType "swiss"]
[EventCountry "CZE"]
[SourceTitle "playchess.com"]
[Source "ChessBase"]
[SourceQuality "1"]
[TimeControl "40/5400+30:1800+30"]

1. d4 Nf6 2. Nf3 b6 3. c4 e6 4. a3 Ba6 5. e3 c5 6. Nbd2 {[%emt 0:02:35] E12: Queen's Indian: Unusual White 4th moves, 4 a3, 4 Nc3 Bb7 5 a3 and 4 Nc3 Bb7 .} Be7 7. Bd3 O-O 8. O-O {[%emt 0:00:47] The position is equal.} Nc6 9. b3 cxd4 10. exd4 d5 11. Bb2 Rc8 12. Qe2 Re8 13. Rfd1 Bf8 14. Rac1 g6 {[%emt 0:03:29] [#]} 15. Ne5 $146 ({Predecessor:} 15. Re1 dxc4 16. bxc4 Bg7 17. Nb3 Re7 18. Red1 Bb7 19. Ne5 a5 20. Re1 Nh5 21. Qe3 Nxe5 22. dxe5 Bxg2 {0-1 (35) Kelecevic,N (2186)-Tabatabaei,M (2601) Zuerich 2019}) 15... Bh6 16. Rc2 dxc4 17. Ndxc4 Bb7 (17... Nxd4 $2 18. Bxd4 Bg7 {[#]} 19. Nxf7 $1 Qxd4 20. Ncd6 Bxd3 21. Rxd3 Rxc2 22. Qxc2 (22. Rxd4 $2 Rxe2 23. Kf1 Rb2 $19) 22... Qa1+ 23. Rd1 Qxa3 24. Nxe8 Nxe8 25. Ng5 $18) 18. Ne3 {[%emt 0:14:09] Threatens to win with Bb5.} Ne7 19. Rxc8 Qxc8 20. Rc1 Qb8 21. Bb5 Rd8 22. Re1 Bg7 23. Bc4 Ne4 {[%emt 0:10:38] [#] White must now prevent ...Bxe5.} 24. N3g4 (24. Qg4 $11 h5 25. Qf4) 24... Nf5 $15 25. d5 {[%emt 0:09:14] Loses the game.} ({White should play} 25. f3 $1 $15 Ned6 26. Bd3) 25... exd5 $19 26. Nxf7 Kxf7 (26... dxc4 27. Nxd8 Qxd8 28. Rd1 $11) 27. Bxg7 (27. Qxe4 Bxb2 28. Qe6+ Kg7 $19) 27... Kxg7 28. Qb2+ d4 {[%emt 0:00:23] Hoping for ...Qf4.} 29. f3 Ned6 30. Re7+ Kf8 (30... Nxe7 {is a self mate.} 31. Qxd4+ Kf8 32. Qh8+) (30... Kh8 31. Qe2 Ne4 32. Rxe4 Bxe4 33. fxe4 $19) 31. Rxh7 Nxc4 32. bxc4 Bc6 ({Not} 32... Re8 33. Qb4+ Qd6 34. Rxb7 $11) 33. Qd2 {[%emt 0:00:56] And now Qg5 would win.} Qd6 34. Qg5 (34. Rh8+ $142 Kg7 35. Rxd8 Qxd8 36. Kf2) 34... Rd7 ({Weaker is} 34... Re8 35. Nh6 Qe6 36. Rf7+ Qxf7 37. Nxf7 Kxf7 38. g4 $15) 35. Rh3 (35. Rxd7 $142 Bxd7 36. Nf2) 35... Qe7 {[%emt 0:01:28] Weighted Error Value: White=0.52/Black=0.10 (very precise)} (35... d3 $142 36. Qd2 Qd4+ 37. Qf2 d2 38. Qxd4 Rxd4 39. Rh8+ Kg7) 0-1